Map: Acropolis LE

Players

Djorn - Winner!

  • Race: Protoss Protoss
  • League: Bronze
  • Spawn Location: 5:00

A.I. 1 (Medium)

  • Race: Zerg Zerg
  • Spawn Location: 11:00

VOD

Have the link to the VOD?

Description

Time

  • Played on: Aug. 24, 2019, 2:26 p.m.
  • Length: 5:11
Show
View Real Time Build Order
Export as new Build Order

Djorn Protoss - Winner!

Build Orders:  

Get SALT Encoding   

  12  0:02  Probe  
  13  0:15  Probe  
  13  0:18  Pylon  
  14  0:27  Probe  
  15  0:38  Probe  
  16  0:44  Gateway  
  16  0:46  Probe  
  16  0:54  Probe  
  17  1:00  Assimilator  
  18  1:06  Probe  
  19  1:18  Probe  
  20  1:30  Probe  
  21  1:40  Cybernetics Core  
  21  1:42  Probe  
  22  1:47  Pylon  
  22  1:57  Assimilator  
  22  2:08  Nexus  
  22  2:18  Pylon  
  22  2:28  Warp Gate  
  22  2:40  Gateway  
  22  2:45  Gateway  
  22  2:54  Twilight Council  
  22  2:59  Pylon  
  22  3:08  Probe  
  23  3:17  Probe  
  23  3:25  Probe  
  24  3:27  Adept  
  24  3:31  Adept  
  24  3:33  Adept  
  31  3:34  Probe  
  32  3:42  Probe  
  32  3:43  Probe  
  34  3:50  Probe  
  35  3:58  Probe  
  36  4:05  Adept  
  36  4:08  Probe  
  39  4:20  Probe  
  40  4:28  Nexus  
  40  4:31  Pylon  
  40  4:50  Adept x2  
Show
View Real Time Build Order
Export as new Build Order

A.I. 1 (Medium) Zerg 

Build Orders: 1 Base Baneling Bust, Pool Only 

Get SALT Encoding   

  12  0:00  Drone  
  13  0:12  Overlord  
  13  0:16  Drone  
  14  0:31  Drone  
  14  0:33  Drone  
  16  0:42  Spawning Pool  
  15  0:45  Drone  
  15  0:49  Drone  
  17  0:52  Extractor  
  17  0:56  Drone  
  17  1:06  Overlord  
  17  1:30  Queen  
  17  1:31  Zergling x2  
  20  1:37  Roach Warren  
  20  1:38  Drone  
  20  1:39  Extractor  
  19  1:45  Zergling x2  
  20  1:49  Drone  
  21  2:00  Drone  
  22  2:14  Overlord  
  22  2:21  Roach  
  24  2:35  Roach  
  26  2:37  Overlord  
  26  2:49  Roach  
  28  2:58  Drone  
  28  3:02  Roach  
  28  3:03  Drone  
  32  3:12  Overlord  
  32  3:16  Drone, Roach  
  35  3:20  Drone  
  35  3:26  Drone  
  37  3:36  Baneling Nest  
  37  3:37  Roach  
  37  3:40  Drone  
  37  3:41  Evolution Chamber  
  38  3:43  Drone  
  38  3:47  Drone  
  40  3:51  Roach  
  42  4:04  Roach  
  44  4:19  Zergling x2  
Tags
 
Add a new tag
Caveats
  • Supply blocks, unpowered buildings, or Contaminate may cause inaccurate times.
  • Supply counts are checked every 10 seconds.